 Dungeon Crawl Stone Soup version 0.29-a0-409-gd843f3a48c (webtiles) character file.

Game seed: 5881947101317006606

1823 Majang the Slasher (level 8, -5/91 HPs)
             Began as a Vampire Gladiator on May 13, 2022.
             Was a Believer of Trog.
             Killed from afar by a steam dragon (9 damage)
             ... with a ball of steam
             ... on level 7 of the Dungeon.
             The game lasted 00:18:34 (5382 turns).

Majang the Slasher (Vampire Gladiator)              Turns: 5382, Time: 00:18:36

Health: -5/91      AC: 12    Str: 13    XL:     8   Next: 85%
Magic:  8/8        EV: 11    Int: 11    God:    Trog [**....]
Gold:   248        SH:  0    Dex: 17    Spells: 7/7 levels left

rFire   . . .      SeeInvis +   b - +2 short sword (elec)
rCold   . . .      Faith    .   (no shield)
rNeg    + . .      Spirit   .   r - +2 scale mail {rN+}
rPois   +          Reflect  .   c - +0 helmet
rElec   .          Harm     .   k - +0 cloak
rCorr   .          Rampage  .   (no gloves)
Will    .....                   B - +0 pair of boots
Stlth   ..........              (no amulet)
HPRegen 0.45/turn               v - ring of poison resistance
MPRegen 0.11/turn               (no ring)

@: berserking, healing quickly, very quick
A: alive, fangs 3, see invisible, vampiric 2
a: Exsanguinate, Renounce Religion, Berserk, Trog's Hand


You were on level 7 of the Dungeon.
You worshipped Trog.
Trog was pleased with you.
You visited 2 branches of the dungeon, and saw 8 of its levels.

You collected 248 gold pieces.

Inventory:

Hand Weapons
 a - a +0 long sword
 b - a +2 short sword of electrocution (weapon)
Missiles
 d - 3 throwing nets (quivered)
 e - a javelin
Armour
 c - a +0 helmet (worn)
 k - a +0 cloak (worn)
 r - a +2 scale mail of positive energy (worn)
 B - a +0 pair of boots (worn)
Jewellery
 v - a ring of poison resistance (left hand)
Wands
 n - a wand of flame (19)
 y - a wand of iceblast (6)
Scrolls
 l - 2 scrolls of teleportation
 q - 2 scrolls of immolation
 z - a scroll of amnesia
 A - 2 scrolls of fear
Potions
 f - 2 potions of attraction
 i - 5 potions of curing
 j - 2 potions of flight
 m - 3 potions of brilliance
 p - 2 potions of lignification
 s - 2 potions of magic
 u - 2 potions of haste
 x - 2 potions of heal wounds
 C - a potion of cancellation


   Skills:
 + Level 4.7 Fighting
 * Level 7.5 Long Blades
 - Level 1.5 Throwing
 + Level 3.0 Armour
 + Level 5.3 Dodging
 + Level 5.8 Stealth
 + Level 3.3 Evocations


You had 7 spell levels left.
You didn't know any spells.
Your spell library contained the following spells:

 Spells                   Type           Power      Damage    Failure   Level
 Static Discharge         Conj/Air       0%         N/A       94%         2
 Dispel Undead            Necr           0%         3d6       100%        4
 Sticky Flame             Conj/Fire      0%         2d3       100%        4


Dungeon Overview and Level Annotations

Branches:
Dungeon (7/15)             Temple (1/1) D:6

Altars:
Cheibriados
Dithmenos
Elyvilon
Hepliaklqana
Kikubaaqudgha
Nemelex Xobeh
Okawaru
Ru
Trog
Uskayaw
Vehumet
Wu Jian
Xom
Yredelemnul
Zin
The Shining One


Innate Abilities, Weirdness & Mutations

Your natural rate of healing is accelerated.
You have razor-sharp teeth.
You have supernaturally acute eyesight. (SInv)
You are afflicted with vampirism and can become a bat while bloodless.


Message History

The steam dragon is lightly wounded.
The steam dragon barely misses you.
The steam dragon claws you but does no damage.
A hound comes into view.
You barely miss the steam dragon.
The hound barks!
You bite the steam dragon, but do no damage.
The steam dragon is lightly wounded.
The steam dragon breathes steam at you. The ball of steam hits you.
The steam dragon bites you but does no damage.
The steam dragon claws you but does no damage.
A red film seems to cover your vision as you go berserk!
You feel yourself moving faster!
You feel mighty! The hound bites you but does no damage.
The steam dragon breathes steam at you. The ball of steam hits you!
* * * LOW HITPOINT WARNING * * *
You barely miss the steam dragon.
The steam dragon is lightly wounded.
You are engulfed in a cloud of scalding steam.
* * * LOW HITPOINT WARNING * * *
The hound bites you.
* * * LOW HITPOINT WARNING * * *
The steam dragon breathes steam at you. The ball of steam hits you!
* * * LOW HITPOINT WARNING * * *
The hound bites you but does no damage.
You barely miss the steam dragon.
The steam dragon is lightly wounded.
The hound bites you but does no damage. The steam dragon barely misses you.
The steam dragon claws you but does no damage.
You are too berserk!
You hit the steam dragon.
Lightning courses through the steam dragon!
The steam dragon is severely wounded.
The hound bites you but does no damage. The steam dragon breathes steam at you.
The ball of steam hits you!
You die...

#.. ###..# .....
###...##### #.........#
#..$......#
.#.........####
...#...D.ยงยงยง..###
>......@h.......#
....#.........#.#
#.#.####...##.#.########
#.#.####...##..........#
...........###.<.#####.#
........#####.....## #.#
.........###.......###.#
[...............>...##.#
.........###.......###.#


You could see a steam dragon (catching breath) and a hound.

Vanquished Creatures
  A two-headed ogre (D:5)
  Sigmund (D:4)
  Edmund (D:4)
  A water moccasin (D:5)
  A black bear (D:5)
  2 ogres
  A necrophage (D:5)
  A scorpion (D:5)
  A hound (D:5)
  An orc priest (D:7)
  3 jellies
  2 iguanas
  A mummy (D:6)
  Robin (D:4)
  3 adders
  8 gnolls
  A shadow imp (D:3)
  3 white imps (D:6)
  An ufetubus (D:5)
  A worm (D:4)
  3 dart slugs
  2 orcs (D:7)
  8 ball pythons
  8 endoplasms
  3 giant cockroaches
  11 hobgoblins
  4 jackals (D:2)
  10 kobolds
  4 quokkas
  5 bats
  3 frilled lizards
  14 goblins
  4 rats
114 creatures vanquished.

Vanquished Creatures (others)
  A giant cockroach (D:3)
1 creature vanquished.

Grand Total: 115 creatures vanquished

Notes
Turn   | Place    | Note
-------+----------+-------------------------------------------
     0 | D:1      | Majang the Vampire Gladiator began the quest for the Orb.
     0 | D:1      | Reached XP level 1. HP: 16/16 MP: 1/1
   199 | D:1      | Reached XP level 2. HP: 22/22 MP: 2/2
   748 | D:1      | Gained mutation: You are afflicted with vampirism and can
                  | become a bat while bloodless. [Vampire growth]
   748 | D:1      | Reached XP level 3. HP: 27/27 MP: 3/3
   891 | D:2      | Reached skill level 4 in Long Blades
  1138 | D:2      | Reached XP level 4. HP: 18/30 MP: 4/4
  1385 | D:2      | Found a faded altar of an unknown god.
  1401 | D:2      | Prayed at the altar of an unknown god.
  1401 | D:2      | Became a worshipper of Trog the Wrathful
  1401 | D:2      | Reached * piety under Trog
  1882 | D:3      | Found an ancient bone altar of Kikubaaqudgha.
  2096 | D:3      | Found a sacrificial altar of Ru.
  2719 | D:4      | Reached skill level 5 in Long Blades
  2754 | D:4      | Noticed Sigmund
  2759 | D:4      | Killed Sigmund
  2760 | D:4      | Reached skill level 1 in Stealth
  2760 | D:4      | Reached skill level 1 in Evocations
  2760 | D:4      | Reached XP level 5. HP: 32/32 MP: 5/5
  2760 | D:4      | Reached XP level 6. HP: 37/37 MP: 6/6
  3112 | D:4      | Noticed Robin
  3219 | D:4      | Noticed Edmund
  3228 | D:4      | Killed Edmund
  3229 | D:4      | Reached skill level 1 in Armour
  3291 | D:4      | Identified the +1 leather armour of Tenacity {Rampage rCorr
                  | Int+6}
  3371 | D:4      | Reached ** piety under Trog
  3536 | D:4      | Killed Robin
  3702 | D:5      | Entered Level 5 of the Dungeon
  3779 | D:5      | Reached XP level 7. HP: 46/46 MP: 7/7
  3789 | D:5      | Reached skill level 6 in Long Blades
  3864 | D:5      | Noticed a two-headed ogre
  3872 | D:5      | Killed a two-headed ogre
  3873 | D:5      | Reached XP level 8. HP: 41/60 MP: 8/8
  3928 | D:5      | Reached skill level 5 in Stealth
  3948 | D:5      | Reached skill level 7 in Long Blades
  3970 | D:5      | Found a shimmering altar of Xom.
  4180 | D:5      | Reached skill level 5 in Dodging
  4225 | D:5      | Found a radiant altar of Vehumet.
  4580 | D:6      | Found a hazy altar of Hepliaklqana.
  5003 | D:6      | Found a snail-covered altar of Cheibriados.
  5118 | D:6      | Found a staircase to the Ecumenical Temple.
  5123 | Temple   | Entered the Ecumenical Temple
  5379 | D:7      | HP: 3/91 [steam dragon/ball of steam (15)]
  5382 | D:7      | Killed from afar by a steam dragon

Illustrated notes

Levels and vault maps discovered:
D:1:      dpeg_arrival_round_b, layout_basic, bh_walls_and_bars
D:2:      layout_loops_ring, hellmonk_ecumenical_altar_blasted
D:3:      layout_loops_corners, nicolae_ru_sacrificial_ziggurat,
          nicolae_kikubaaqudgha_miasma_corner
D:4:      layout_gridville, hangedman_decor_growths, uniq_edmund, uniq_robin,
          uniq_sigmund
D:5:      layout_basic, kennysheep_mini, old_standard_altar
D:6:      layout_cave_pools, worldfamousw_hep_ancestral_shrine, slow_altar_1,
          minmay_temple_entry_nine_rooms, grunt_ministairs_14
D:7:      layout_loops_ring, lemuel_blue_sif_altar
Temple:   zaba_magenta_temple

Skill      XL: |  1  2  3  4  5  6  7  8 |
---------------+-------------------------+-----
Fighting       | 2 3 4 |  4.7
Long Blades    | 4 5 6 7 |  7.5
Stealth        | 1 3 4 5 |  5.8
Evocations     | 1 2 3 |  3.3
Armour         | 1 2 3 |  3.0
Dodging        | 4 5 |  5.3
Throwing       | |  1.5

Action                   |  1- 3 |  4- 6 |  7- 9 || total
-------------------------+-------+-------+-------++-------
Melee: Long sword        |    97 |    79 |       ||   176
       Bite              |     6 |    13 |    10 ||    29
       Punch             |       |     2 |     1 ||     3
       Short sword       |       |    65 |    97 ||   162
Throw: Throwing net      |     3 |       |       ||     3
Invok: Berserk           |       |     2 |     3 ||     5
 Abil: Exsanguinate      |     1 |     1 |       ||     2
       Revivify          |     1 |     1 |       ||     2
Evoke: Wand              |       |     4 |     8 ||    12
  Use: Scroll            |       |     1 |    15 ||    16
 Stab: Sleeping          |     1 |       |     1 ||     2
Armor: Leather armour    |    15 |       |       ||    15
       Ring mail         |    12 |     9 |       ||    21
       Scale mail        |       |    64 |    34 ||    98
Dodge: Dodged            |    71 |    87 |    50 ||   208

Table legend: (Time is in decaauts)
 A = Elapsed time spent in this place.
 B = Non-inter-level travel time spent in this place.
 C = Inter-level travel time spent in this place.
 D = Time resting spent in this place.
 E = Time spent auto-exploring this place.
 F = Levels seen in this place.
 G = Mean time per level.
                   A        B        C        D        E       F      G
               +--------+--------+--------+--------+--------+-----+--------+
         Total |   5431 |   5261 |    170 |    770 |   3238 |   8 |  678.9 |
       Dungeon |   5354 |   5184 |    170 |    770 |   3238 |   7 |  764.9 |
        Temple |     76 |     76 |      0 |      0 |      0 |   1 |   76.0 |
               +--------+--------+--------+--------+--------+-----+--------+

Top non-repeatable levels by time:
     D:4: 1100 daAuts
     D:3: 947 daAuts
     D:1: 871 daAuts
     D:2: 831 daAuts
     D:5: 784 daAuts
     D:6: 698 daAuts
     D:7: 121 daAuts
  Temple: 76 daAuts
